 Dungeon Crawl Stone Soup version 0.19.1-1-g22dce08 (webtiles) character file.

802 Jynx the Chopper (level 7, -1/60 HPs)
             Began as a Red Draconian Wanderer on Jan 17, 2017.
             Slain by Sigmund
             ... wielding a +0 scythe of flaming
              (21 damage)
             ... on level 5 of the Dungeon.
             The game lasted 00:07:17 (3675 turns).

Jynx the Chopper (Red Draconian Wanderer)           Turns: 3675, Time: 00:07:18

Health: -1/60      AC:  7    Str: 16    XL:     7   Next: 59%
Magic:  12/12      EV: 11    Int: 12    God:
Gold:   224        SH:  0    Dex: 11    Spells: 0 memorised, 13 levels left

rFire  + + +     SeeInvis .     a - +2 hand axe
rCold  x . .     Gourm    .     (armour unavailable)
rNeg   . . .     Faith    .     (no shield)
rPois  .         Spirit   .     (helmet restricted)
rElec  .         Reflect  .     (no cloak)
rCorr  .         Harm     .     m - +0 pair of gloves
MR     .....                    (no boots)
Stlth  +.........               (no amulet)
                                h - ring of fire
                                p - ring of protection from fire

@: no status effects
A: breathe fire, unfitting armour, fire resistance 1, cold-blooded, AC +6
a: Breathe Fire


You were on level 5 of the Dungeon.
You were not hungry.

You visited 1 branch of the dungeon, and saw 5 of its levels.

You collected 224 gold pieces.

Inventory:

Hand Weapons
 a - a +2 hand axe (weapon)
 b - a +0 shortbow
Missiles
 c - 91 arrows
Armour
 m - a +0 pair of gloves (worn)
Jewellery
 h - a ring of fire (right hand)
 k - an uncursed ring of ice
 p - a ring of protection from fire (left hand)
Wands
 r - a wand of acid (15/15)
Scrolls
 d - 2 scrolls of teleportation
 g - a scroll of identify
 i - a scroll of remove curse
 n - 2 scrolls of magic mapping
 q - a scroll of fog
Potions
 e - a potion of haste {unknown}
Comestibles
 f - 4 bread rations
 j - 2 beef jerkies


   Skills:
 + Level 4.8 Fighting
 + Level 5.8 Axes
 + Level 3.8 Throwing
   Level 1.0 Shields
 + Level 3.8 Spellcasting
   Level 1.0 Conjurations
   Level 1.0 Earth Magic


You had 13 spell levels left.
You didn't know any spells.

Dungeon Overview and Level Annotations

Branches:
Dungeon (5/15)
 Temple: D:4-7

Altars:
Dithmenos

Annotations:
D:5 Sigmund


Innate Abilities, Weirdness & Mutations

You can breathe blasts of fire.
Your fiery red scales are hard. (AC +6)
You cannot fit into any form of body armour.
Your flesh is heat resistant. (rF+)
You are cold-blooded and may be slowed by cold attacks.


Message History

Sigmund is moderately wounded.
Sigmund barely misses you.
You barely miss Sigmund.
You tail-slap Sigmund, but do no damage.
Sigmund is moderately wounded.
You have got your breath back.
You closely miss Sigmund.
Sigmund is moderately wounded.
You feel sick. Sigmund closely misses you.
You hit Sigmund.
Your tail-slap misses Sigmund.
Sigmund is heavily wounded.
Sigmund gestures wildly while chanting.
Sigmund flickers and vanishes!
Deactivating autopickup; reactivate with Ctrl-A.
You feel better. Something hits you!
* * * LOW HITPOINT WARNING * * *
You feel better.
You closely miss something. Something hits you.
You hit something. Something hits you!!
You die...

############
#......<{@.#
#......###...#
##......####.#
...####......#
..#
.........@...#
...
.........#####
##..
.........# ...
.........# ..
.........#


There were no monsters in sight!

Vanquished Creatures
  Eustachio (D:4)
  An ogre (D:4)
  A phantom (D:4)
  2 scorpions
  2 howler monkeys (D:4)
  3 orc priests
  An orc wizard (D:4)
  An iguana (D:4)
  A worker ant (D:4)
  4 adders
  An ooze (D:2)
  2 worms (D:3)
  3 dart slugs
  A leopard gecko (D:4)
  9 orcs
  3 ball pythons
  3 giant cockroaches
  3 goblins
  5 hobgoblins
  6 jackals (D:4)
  A quokka (D:2)
  4 bats
  3 frilled lizards
  6 kobolds
  8 rats
75 creatures vanquished.

Vanquished Creatures (others)
  An orc wizard (D:4)
1 creature vanquished.

Grand Total: 76 creatures vanquished

Notes
Turn   | Place    | Note
-------+----------+-------------------------------------------
     0 | D:1      | Jynx the Draconian Wanderer began the quest for the Orb.
     0 | D:1      | Jynx set off with: a +2 hand axe, a +0 shortbow, 26 arrows, a scroll of teleportation, a bread ration
     0 | D:1      | Reached XP level 1. HP: 16/16 MP: 2/2
   232 | D:1      | Reached XP level 2. HP: 19/23 MP: 3/3
   305 | D:1      | You fall through a shaft!
   408 | D:2      | Reached XP level 3. HP: 20/29 MP: 5/5
  1409 | D:3      | Found a shadowy altar of Dithmenos.
  1532 | D:3      | Reached XP level 4. HP: 37/37 MP: 7/7
  2035 | D:4      | Reached XP level 5. HP: 25/44 MP: 8/8
  2376 | D:4      | Noticed an ogre
  2390 | D:4      | Killed an ogre
  2390 | D:4      | Reached skill level 5 in Axes
  2390 | D:4      | Reached XP level 6. HP: 15/51 MP: 10/10
  2864 | D:4      | Noticed Eustachio
  2895 | D:4      | Killed Eustachio
  2895 | D:4      | Your scales start taking on a fiery red colour.
  2895 | D:4      | Reached XP level 7. HP: 27/59 MP: 10/12
  2895 | D:4      | Gained mutation: Your flesh is heat resistant. (rF+) [Red Draconian growth]
  3203 | D:5      | Entered Level 5 of the Dungeon
  3644 | D:5      | Noticed Sigmund
  3675 | D:5      | Slain by Sigmund

Skill      XL: |  1  2  3  4  5  6 |
---------------+-------------------+-----
Fighting       | 2 3 4 |  4.8
Spellcasting   | 2 3 |  3.8
Throwing       | 2 3 |  3.8
Axes           | 5 |  5.8
Shields        | |  1.0
Conjurations   | |  1.0
Earth Magic    | |  1.0

Action                   |  1- 3 |  4- 6 |  7- 9 || total
-------------------------+-------+-------+-------++-------
Melee: Hand axe          |    91 |   131 |    57 ||   279
       Tailslap          |     6 |    17 |     3 ||    26
 Fire: Shortbow          |       |     7 |     8 ||    15
 Abil: Breathe Fire      |       |       |     2 ||     2
  Use: Scroll            |       |     7 |     1 ||     8
       Potion            |       |       |     2 ||     2
 Stab: Sleeping          |     1 |       |       ||     1
  Eat: Chunk             |     1 |     5 |     3 ||     9
Armor: Skin              |    30 |    27 |    18 ||    75
Dodge: Dodged            |    48 |    67 |    44 ||   159
